 Dungeon Crawl Stone Soup version 0.22-a0-567-gff9aefc (webtiles) character file.

2436 galech the Fighter (level 9, 0/98 HPs)
             Began as an Ogre Berserker on June 29, 2018.
             Was an Elder of Trog.
             Slain by a hippogriff (3 damage)
             ... on level 7 of the Dungeon.
             The game lasted 00:10:25 (8468 turns).

galech the Fighter (Ogre Berserker)                 Turns: 8468, Time: 00:10:25

Health: 0/98       AC:  4    Str: 28    XL:     9   Next: 49%
Magic:  9/9        EV: 12    Int: 11    God:    Trog [****..]
Gold:   293        SH:  0    Dex: 11    Spells: 8/8 levels left

rFire    . . .     SeeInvis .   a - +0 mace
rCold    . . .     Gourm    .   (no shield)
rNeg     . . .     Faith    .   b - +0 animal skin
rPois    .         Spirit   .   (helmet restricted)
rElec    .         Reflect  .   z - +0 cloak
rCorr    .         Harm     .   (gloves unavailable)
MR       .....                  (boots unavailable)
Stlth    ++........             (no amulet)
HPRegen  0.26/turn              y - +3 ring of intelligence
MPRegen  0.11/turn              p - +5 ring of strength

@: lethally poisoned (0 -> 0), berserk cooldown, slowed, very slow
A: large, unfitting armour, tough skin 1
a: Berserk, Trog's Hand, Brothers in Arms, Renounce Religion


You were on level 7 of the Dungeon.
You worshipped Trog.
Trog was greatly pleased with you.
You were hungry.

You visited 1 branch of the dungeon, and saw 7 of its levels.
You also visited: Sewer and Ossuary.

You collected 293 gold pieces.

Inventory:

Hand Weapons
 a - a +0 mace (weapon)
Armour
 b - a +0 animal skin (worn)
 u - a scarf of spirit shield
 z - a +0 cloak (worn)
Jewellery
 p - a +5 ring of strength (right hand)
 t - an uncursed ring of ice
 y - a +3 ring of intelligence (left hand)
Scrolls
 e - a scroll of fog
 g - 5 scrolls of remove curse
 h - 7 scrolls of teleportation
 j - 2 scrolls of blinking
 q - a scroll of enchant armour
 v - a scroll of identify
 x - 2 scrolls of amnesia {unknown}
Potions
 d - 2 potions of mutation
 f - a potion of flight
 i - 13 potions of heal wounds {unknown}
 k - 4 potions of brilliance {unknown}
 l - 4 potions of agility {unknown}
 m - a potion of haste {unknown}
 n - 6 potions of curing {unknown}
 o - a potion of lignification {unknown}
 r - a potion of cancellation {unknown}
 s - a potion of might
 w - 2 potions of berserk rage {unknown}
 A - a potion of magic {unknown}
Comestibles
 c - 11 rations


   Skills:
 + Level 9.1 Fighting
 + Level 8.4 Maces & Flails
 + Level 6.0 Dodging
 + Level 2.1 Stealth


You had 8 spell levels left.
You didn't know any spells.
Your spell library was empty.

Dungeon Overview and Level Annotations

Branches:
Dungeon (7/15)             Temple (0/1) D:5

Altars:
Fedhas
Hepliaklqana
Nemelex Xobeh
Qazlal
Ru
Sif Muna
Trog
Uskayaw
The Shining One


Innate Abilities, Weirdness & Mutations

You are too large for most types of armour.
You have tough skin. (AC +1)


Message History

The hippogriff barely misses you. x2
You completely miss the hippogriff.
The hippogriff is severely wounded.
The hippogriff bites you.
* * * LOW HITPOINT WARNING * * *
The hippogriff pecks you.
* * * LOW HITPOINT WARNING * * *
The hippogriff claws you but does no damage.
You barely miss the hippogriff.
The hippogriff is severely wounded.
You feel sick. The hippogriff barely misses you. The hippogriff pecks you.
* * * LOW HITPOINT WARNING * * *
The hippogriff claws you.
* * * LOW HITPOINT WARNING * * *
The hippogriff bites you.
* * * LOW HITPOINT WARNING * * *
The hippogriff pecks you.
* * * LOW HITPOINT WARNING * * *
The hippogriff claws you.
You die...

##.#############......###
#.........(......@._.....
##.############........##
#.# #<##..#####... #.#
#(##..#(..#..# #.#
#(##..#(..#..# #.#
#(##..#####..# #.#
#(##.........#
##.#########@##.#########
#..@......oH.#
##############


You could see a hippogriff and an orc.

Vanquished Creatures
  Joseph (D:7)
  A hornet (D:7)
  2 sky beasts
  A black bear (D:6)
  An ogre (D:5)
  A centaur (D:5)
  3 elf zombies (Ossuary)
  4 big kobolds
  2 bullfrogs (D:6)
  2 howler monkeys
  3 centaur zombies (Ossuary)
  2 crimson imps
  A hound (D:4)
  A bullfrog zombie (D:5)
  A centaur skeleton (D:5)
  A human zombie (Ossuary)
  2 orc priests (D:4)
  Jessica (D:3)
  An iguana (D:5)
  An orc wizard (D:4)
  A worker ant (D:5)
  2 big kobold zombies (Ossuary)
  A hound skeleton (D:6)
  2 mummies (Ossuary)
  13 adders
  2 shadow imps
  An adder skeleton (D:6)
  A worm (D:3)
  2 dart slugs
  6 leopard geckos
  17 orcs
  11 bats
  5 giant cockroaches (D:3)
  9 goblins
  6 hobgoblins
  5 jackals (D:5)
  32 kobolds
  3 quokkas
  4 ball pythons
  3 frilled lizards
  8 hobgoblin zombies (Ossuary)
  10 kobold zombies (Ossuary)
  A leopard gecko skeleton (D:6)
  8 orc zombies (Ossuary)
  5 rats
  2 rat zombies (Ossuary)
192 creatures vanquished.

Notes
Turn   | Place    | Note
-------+----------+-------------------------------------------
     0 | D:1      | galech the Ogre Berserker began the quest for the Orb.
     0 | D:1      | Reached XP level 1. HP: 24/24 MP: 1/1
   283 | D:1      | Reached XP level 2. HP: 31/32 MP: 2/2
  1246 | D:2      | Reached XP level 3. HP: 19/40 MP: 3/3
  2013 | D:2      | Reached skill level 5 in Fighting
  2087 | D:2      | Reached XP level 4. HP: 44/50 MP: 4/4
  2350 | D:2      | Found a glowing golden altar of the Shining One.
  2561 | D:3      | Reached ** piety under Trog
  2703 | D:3      | Found a sparkling altar of Nemelex Xobeh.
  2719 | D:3      | Found a glowing drain.
  2749 | D:3      | Reached XP level 5. HP: 33/57 MP: 5/5
  2773 | Sewer    | Entered a sewer
  3266 | Sewer    | Noticed a big kobold
  3266 | Sewer    | Noticed a big kobold
  3270 | Sewer    | Killed a big kobold
  3274 | Sewer    | Killed a big kobold
  3274 | Sewer    | Reached XP level 6. HP: 67/67 MP: 6/6
  3394 | D:3      | Reached *** piety under Trog
  3442 | D:3      | Noticed Jessica
  3453 | D:3      | Killed Jessica
  3544 | D:3      | Found a deep blue altar of Sif Muna.
  3547 | D:3      | Found a bloodstained altar of Trog.
  3547 | D:3      | Found a sacrificial altar of Ru.
  3547 | D:3      | Found a hazy altar of Hepliaklqana.
  3698 | D:4      | Found a sand-covered staircase.
  3709 | D:4      | Reached skill level 5 in Maces & Flails
  3711 | D:4      | Reached skill level 6 in Fighting
  3720 | D:4      | Reached XP level 7. HP: 35/75 MP: 4/7
  3878 | Ossuary  | Entered an ossuary
  4052 | Ossuary  | Reached skill level 1 in Stealth
  4571 | Ossuary  | HP: 5/114 [centaur zombie (4)]
  4576 | Ossuary  | HP: 4/114 [big kobold zombie (4)]
  4579 | Ossuary  | Reached XP level 8. HP: 7/84 MP: 0/8
  5192 | D:4      | Found a stormy altar of Qazlal.
  5498 | D:5      | Entered Level 5 of the Dungeon
  5533 | D:5      | Reached skill level 7 in Fighting
  5931 | D:5      | Reached skill level 5 in Dodging
  6293 | D:5      | Found a staircase to the Ecumenical Temple.
  6445 | D:5      | Reached **** piety under Trog
  7157 | D:6      | Reached skill level 8 in Fighting
  7157 | D:6      | Reached XP level 9. HP: 84/96 MP: 4/9
  8005 | D:6      | Found a blossoming altar of Fedhas.
  8298 | D:7      | Found a hide-covered altar of Uskayaw.
  8298 | D:7      | Noticed a dagger
  8299 | D:7      | Noticed a hand axe
  8302 | D:7      | Noticed Joseph
  8442 | D:7      | Noticed a hornet
  8449 | D:7      | Killed Joseph
  8457 | D:7      | Killed a hornet
  8457 | D:7      | Reached skill level 9 in Fighting
  8468 | D:7      | HP: 3/98 [hippogriff (4)]
  8468 | D:7      | Slain by a hippogriff

Vault maps used:
D:1:      nzn_arrival_settlement
D:2:      tso_altar, st_stairs_6
D:3:      nemelex_xobeh_ov_fountains_minmay, grunt_temple_overflow_open,
          gup_sewer_entry_glass, kennysheep_jessica_study
D:4:      kennysheep_little_box, first_ration, enter_ossuary_3
D:5:      cheibrodos_thug_alley, minmay_temple_entry_crystal_x
D:6:      fedhas_altar_3
D:7:      dancing_weapons_uskayaw, uniq_duvessa, uniq_joseph
Sewer:    kennysheep_pipe_town
Ossuary:  ossuary_tomb_1

Skill      XL: |  1  2  3  4  5  6  7  8  9 |
---------------+----------------------------+-----
Maces & Flails | 3 4 5 6 7 8 |  8.4
Dodging        | 3 4 5 6 |  6.0
Fighting       | 5 6 8 9 |  9.1
Stealth        | 1 2 |  2.1

Action                   |  1- 3 |  4- 6 |  7- 9 || total
-------------------------+-------+-------+-------++-------
Melee: Mace              |   127 |   197 |   503 ||   827
Invok: Berserk           |       |     6 |     7 ||    13
       Trog's Hand       |       |       |     7 ||     7
  Use: Scroll            |       |     5 |     5 ||    10
 Stab: Sleeping          |       |       |     4 ||     4
  Eat: Chunk             |     4 |    10 |    18 ||    32
       Ration            |       |       |     2 ||     2
Armor: Animal skin       |    30 |    74 |   106 ||   210
Dodge: Dodged            |    72 |   147 |   310 ||   529

Table legend:
 A = Spawn XP
 B = Non-spawn XP
 C = Spawn XP percentage of total XP
 D = Spawn monster count
 E = Non-spawn monster count
 F = Spawn count percentage of total count
 G = Total turns spent on level
                    A         B        C        D         E        F      G
               +---------+---------+-------+---------+---------+-------+---------
         Total |       0 |    3481 |   0.0 |       0 |     192 |   0.0 |  8468
               +---------+---------+-------+---------+---------+-------+---------
           D:1 |       0 |      33 |   0.0 |       0 |      20 |   0.0 |  1228
           D:2 |       0 |      66 |   0.0 |       0 |      19 |   0.0 |  1241
           D:3 |       0 |     147 |   0.0 |       0 |      32 |   0.0 |   581
           D:4 |       0 |     268 |   0.0 |       0 |      11 |   0.0 |  1184
           D:5 |       0 |     849 |   0.0 |       0 |      28 |   0.0 |  1189
           D:6 |       0 |     585 |   0.0 |       0 |      16 |   0.0 |  1362
           D:7 |       0 |     712 |   0.0 |       0 |       3 |   0.0 |   108
         Sewer |       0 |     222 |   0.0 |       0 |      24 |   0.0 |   531
       Ossuary |       0 |     599 |   0.0 |       0 |      39 |   0.0 |  1044
               +---------+---------+-------+---------+---------+-------+---------
